 Dungeon Crawl Stone Soup version 0.20.0-9-g8272e65 (webtiles) character file.

3972 GordonOverkill the Cleaver (level 10, -4/93 HPs)
             Began as a Minotaur Venom Mage on June 3, 2017.
             Was a Believer of Elyvilon.
             Slain by a two-headed ogre
             ... wielding a +0 giant club
              (22 damage)
             ... on level 8 of the Dungeon.
             The game lasted 00:13:49 (11738 turns).

GordonOverkill the Cleaver (Minotaur Venom Mage)   Turns: 11738, Time: 00:13:49

Health: -4/93      AC: 12    Str: 17    XL:     10   Next: 2%
Magic:  20/20      EV:  7    Int: 12    God:    Elyvilon [**....]
Gold:   292        SH:  0    Dex: 10    Spells: 11/11 levels left

rFire    . . .     SeeInvis .   i - +1 whip (elec)
rCold    . . .     Gourm    .   (no shield)
rNeg     . . .     Faith    .   a - +0 chain mail
rPois    .         Spirit   .   (helmet restricted)
rElec    .         Reflect  .   (no cloak)
rCorr    +         Harm     .   w - +1 pair of gloves
MR       .....                  g - +0 pair of boots
Stlth    ..........             (no amulet)
Regen    0.3/turn               v - ring of magical power
MPRegen  0.2/turn               A - ring of resist corrosion

@: no status effects
A: retaliatory headbutt, horns 2
a: Lesser Healing, Heal Other, Divine Protection, Renounce Religion


You were on level 8 of the Dungeon.
You worshipped Elyvilon.
Elyvilon was pleased with you.
You were not hungry.

You visited 2 branches of the dungeon, and saw 9 of its levels.

You collected 397 gold pieces.
You spent 105 gold pieces at shops.

Inventory:

Hand Weapons
 i - a +1 whip of electrocution (weapon)
 x - a +0 flail
 z - a +1 war axe
 E - a +0 morningstar
Missiles
 n - 3 throwing nets (quivered)
Armour
 a - a +0 chain mail (worn)
 g - a +0 pair of boots (worn)
 m - a +0 plate armour
 w - a +1 pair of gloves (worn)
Jewellery
 j - an uncursed amulet of faith
 v - a ring of magical power (left hand)
 A - a ring of resist corrosion (right hand)
Wands
 h - a wand of digging (6/24)
 G - a wand of flame (21/48)
 I - a wand of lightning (9/15)
 J - a wand of polymorph (9/24)
Scrolls
 d - a scroll of enchant armour
 k - a scroll of blinking
 o - 2 scrolls of teleportation
 q - a scroll of identify
 r - 7 scrolls of remove curse
 s - 3 scrolls of amnesia
 D - 2 scrolls of fog
Potions
 b - 3 potions of heal wounds {unknown}
 e - 3 potions of curing
 l - 3 potions of flight
 t - 2 potions of brilliance {unknown}
 B - a potion of ambrosia {unknown}
 C - a potion of might
 F - a potion of lignification {unknown}
 H - a potion of mutation {unknown}
Comestibles
 c - 5 bread rations
 f - a chunk of flesh


   Skills:
 - Level 10.0 Fighting
 * Level 13.0 Axes
 + Level 3.0 Armour
 - Level 2.1 Dodging
 - Level 1.5 Stealth
 - Level 1.3 Spellcasting
   Level 0.6 Conjurations
   Level 2.1 Poison Magic


You had 11 spell levels left.
You didn't know any spells.

Dungeon Overview and Level Annotations

Branches:
Dungeon (8/15)             Temple (1/1) D:7
   Lair: D:8-11

Altars:
Ashenzari
Cheibriados
Dithmenos
Elyvilon
Fedhas
Gozag
Hepliaklqana
Kikubaaqudgha
Makhleb
Nemelex Xobeh
Okawaru
Qazlal
Ru
Sif Muna
Trog
Uskayaw
Vehumet
Xom
Yredelemnul
Zin
The Shining One

Shops:
D:6 *   D:7 (


Innate Abilities, Weirdness & Mutations

You reflexively headbutt those who attack you in melee.
You have a pair of horns on your head.


Message History

The two-headed ogre is heavily wounded.
The two-headed ogre hits you with a giant club! x2
You hit the two-headed ogre but do no damage.
The two-headed ogre is heavily wounded.
You whack the two-headed ogre!
The two-headed ogre is severely wounded.
The two-headed ogre hits you with a giant club!!
The two-headed ogre hits you with a giant club!
* * * LOW HITPOINT WARNING * * *
You are too injured to fight recklessly!
You are too injured to fight recklessly!
You are too injured to fight recklessly!
Your chain mail prevents you from hitting the two-headed ogre.
You headbutt the two-headed ogre!
The two-headed ogre is severely wounded.
You hit the two-headed ogre.
You headbutt the two-headed ogre, but do no damage.
The two-headed ogre is almost dead.
The two-headed ogre hits you with a giant club!!
You die...

#.......# #.......#
#.......# #.......#
#.......# #######(##'##
########
.##...##[(##.####...#..#
.......[.†.#....#......#
.......@...#....#......#
......O....#....#......#
...........#....#......#
...........#...###'#####
...........#...##...####
.###########...##.......
##...##.......
#.............
#....#######..


You could see a two-headed ogre.

Vanquished Creatures
  The ghost of Darkell the Thaumaturge, a novice DsIE of Kikubaaqudgha (D:6)
  Pikel (D:4)
  The ghost of Darkell the Magician, a novice DsIE (D:8)
  Eustachio (D:6)
  Menkaure (D:6)
  A water moccasin (D:8)
  3 slaves
  An ice beast (D:7)
  2 orc warriors
  A sky beast (D:6)
  4 ogres
  2 phantoms (D:6)
  Blork the orc (D:5)
  3 bullfrogs
  2 howler monkeys (D:4)
  A crimson imp (D:5)
  A bullfrog skeleton (D:6)
  A bullfrog zombie (D:5)
  A centaur zombie (D:5)
  2 orc priests
  A hound (D:6)
  12 orc wizards
  3 iguanas
  3 worker ants
  A hound zombie (D:6)
  A worker ant zombie (D:6)
  7 adders
  12 gnolls
  3 shadow imps
  3 oozes
  An adder zombie (D:1)
  A worm (D:6)
  2 dart slugs (D:2)
  5 leopard geckos
  33 orcs
  12 bats
  A bat zombie (D:1)
  10 giant cockroaches
  2 gnoll zombies (D:6)
  4 goblins
  11 hobgoblins
  8 jackals
  5 quokkas
  4 ball pythons
  7 frilled lizards
  A jackal skeleton (D:4)
  8 kobolds
  A leopard gecko skeleton (D:7)
  A leopard gecko zombie (D:6)
  A quokka skeleton (D:8)
  10 rats
205 creatures vanquished.

Notes
Turn   | Place    | Note
-------+----------+-------------------------------------------
     0 | D:1      | GordonOverkill the Minotaur Venom Mage began the quest for the Orb.
     0 | D:1      | Reached XP level 1. HP: 14/14 MP: 1/1
    33 | D:1      | Reached skill level 1 in Fighting
   365 | D:1      | Reached XP level 2. HP: 16/24 MP: 3/3
  1000 | D:1      | Reached XP level 3. HP: 29/31 MP: 4/4
  1653 | D:2      | Found a shattered altar of Ashenzari.
  1771 | D:2      | Found a hide-covered altar of Uskayaw.
  1832 | D:2      | Reached XP level 4. HP: 37/41 MP: 5/5
  2609 | D:3      | Reached skill level 5 in Fighting
  3007 | D:3      | Reached skill level 1 in Axes
  3014 | D:3      | Reached XP level 5. HP: 48/48 MP: 6/6
  3070 | D:3      | Reached skill level 2 in Axes
  3507 | D:3      | Found a faded altar of an unknown god.
  4128 | D:4      | Noticed an ogre
  4134 | D:4      | Killed an ogre
  4134 | D:4      | Reached skill level 4 in Axes
  4134 | D:4      | Reached XP level 6. HP: 47/56 MP: 7/7
  4579 | D:4      | Reached skill level 5 in Axes
  5508 | D:4      | Reached XP level 7. HP: 60/63 MP: 8/8
  5562 | D:4      | Reached skill level 6 in Axes
  6445 | D:5      | Entered Level 5 of the Dungeon
  6449 | D:5      | Noticed Blork the orc
  6455 | D:5      | Killed Blork the orc
  6455 | D:5      | Reached skill level 7 in Axes
  6817 | D:5      | Noticed Pikel
  6833 | D:4      | Killed Pikel
  6833 | D:4      | Reached skill level 9 in Axes
  6833 | D:4      | Reached XP level 8. HP: 23/74 MP: 9/9
  7882 | D:6      | Reached skill level 10 in Axes
  8045 | D:6      | Noticed Darkell's ghost (novice DsIE)
  8082 | D:6      | Killed Darkell's ghost
  8082 | D:6      | Reached skill level 11 in Axes
  8082 | D:6      | Reached XP level 9. HP: 23/83 MP: 10/10
  8554 | D:6      | Found Amnymauc's General Store.
  8555 | D:6      | Found a hazy altar of Hepliaklqana.
  8567 | D:6      | Bought a scroll of blinking for 105 gold pieces
  8586 | D:6      | Found a deep blue altar of Sif Muna.
  8587 | D:6      | Noticed Eustachio
  8632 | D:6      | Killed Eustachio
  8931 | D:6      | Noticed Menkaure
  8936 | D:6      | Killed Menkaure
  9364 | D:6      | Found an opulent altar of Gozag.
  9443 | D:6      | Found a basalt altar of Yredelemnul.
  9639 | D:6      | Reached skill level 12 in Axes
  9843 | D:7      | Found a staircase to the Ecumenical Temple.
  9852 | Temple   | Entered the Ecumenical Temple
  9972 | Temple   | Became a worshipper of Elyvilon the Healer
 10162 | D:7      | Found a glowing golden altar of the Shining One.
 10211 | D:7      | Reached * piety under Elyvilon
 10557 | D:7      | Reached skill level 10 in Fighting
 10812 | D:7      | Found Poerof's Antique Weapon Shoppe.
 10977 | D:7      | Reached skill level 1 in Armour
 11248 | D:8      | Noticed Darkell's ghost (novice DsIE)
 11265 | D:8      | Killed Darkell's ghost
 11692 | D:8      | Reached ** piety under Elyvilon
 11726 | D:8      | Noticed a two-headed ogre
 11728 | D:8      | Reached skill level 13 in Axes
 11728 | D:8      | Reached XP level 10. HP: 93/93 MP: 11/11
 11738 | D:8      | Slain by a two-headed ogre

Skill      XL: |  1  2  3  4  5  6  7  8  9 |
---------------+----------------------------+-----
Fighting       | 2 3 4 5 6 8 9 10 | 10.0
Axes           | 1 4 5 9 11 13 | 13.0
Armour         | 3 |  3.0
Dodging        | |  2.1
Stealth        | |  1.5
Spellcasting   | |  1.3
Conjurations   | |  0.6
Poison Magic   | |  2.1

Action                   |  1- 3 |  4- 6 |  7- 9 | 10-12 || total
-------------------------+-------+-------+-------+-------++-------
Melee: Unarmed           |    40 |       |       |       ||    40
       Headbutt          |    20 |    30 |    59 |     3 ||   112
       Dagger            |    98 |    64 |       |       ||   162
       Hand axe          |       |   187 |    48 |       ||   235
       War axe           |       |       |    67 |       ||    67
       Whip              |       |       |   313 |     8 ||   321
 Cast: Sting             |     2 |       |       |       ||     2
  Use: Scroll            |       |       |    13 |       ||    13
       Potion            |       |       |     3 |       ||     3
 Stab: Sleeping          |     3 |     2 |       |       ||     5
  Eat: Chunk             |     3 |    12 |     9 |       ||    24
       Fruit             |       |       |     4 |       ||     4
       Royal jelly       |       |       |     2 |       ||     2
       Meat ration       |       |       |     1 |       ||     1
Armor: Robe              |    16 |       |       |       ||    16
       Leather armour    |    28 |    43 |       |       ||    71
       Scale mail        |       |    49 |    25 |       ||    74
       Chain mail        |       |       |   148 |       ||   148
Dodge: Dodged            |    98 |   168 |   114 |     3 ||   383
